 Dungeon Crawl Stone Soup version 0.27.1-4-g1640c2035a (webtiles) character file.

Game seed: 9344813558680388545

4704 wingedge the Ogre Mage (level 10, -4/92 HPs)
             Began as an Ogre Fire Elementalist on Nov 4, 2021.
             Was an Initiate of Sif Muna.
             Splashed by a centaur's acid (12 damage)
             ... on level 8 of the Dungeon.
             The game lasted 00:47:56 (10792 turns).

wingedge the Ogre Mage (Ogre Fire Elementalist)    Turns: 10792, Time: 00:47:56

Health: -4/92      AC:  8    Str: 14    XL:     10   Next: 45%
Magic:  23/23      EV: 14    Int: 19    God:    Sif Muna [......]
Gold:   280        SH:  0    Dex:  9    Spells: 16/27 levels left

rFire    + . .     SeeInvis +   E - staff of conjuration
rCold    + + .     Faith    .   (no shield)
rNeg     . . .     Spirit   .   q - +4 skin of Zhor {*Englaciate rC+++ SInv}
rPois    .         Reflect  .   (helmet restricted)
rElec    .         Harm     .   r - +0 cloak
rCorr    .         Rampage  .   (gloves unavailable)
Will     +....                  (boots unavailable)
Stlth    +.........             x - amulet of magic regeneration
HPRegen  0.25/turn              g - ring of fire
MPRegen  0.43/turn              k - +4 ring of evasion

@: confused, ambrosia-drunk
A: large, unfitting armour, tough skin 1
a: Renounce Religion


You were on level 8 of the Dungeon.
You worshipped Sif Muna.
Sif Muna was noncommittal.
You visited 2 branches of the dungeon, and saw 9 of its levels.

You collected 280 gold pieces.

Inventory:

Hand Weapons
 b - a +0 dagger
 p - a +2 dagger of venom
Armour
 a - a +0 robe
 q - the +4 skin of Zhor (worn) {*Englaciate rC+++ SInv}
   (You found it on level 6 of the Dungeon)

   It radiates cold, occasionally slowing all nearby creatures who are not
   resistant to cold.
   rC:        It renders you almost immune to cold.
   SInv:      It lets you see invisible.
 r - a +0 cloak (worn)
 D - +0 acid dragon scales
Magical Staves
 j - a staff of earth
 n - a staff of air
 E - a staff of conjuration (weapon)
Jewellery
 g - a ring of fire (left hand)
 k - a +4 ring of evasion (right hand)
 m - a +6 ring of dexterity
 x - an amulet of magic regeneration (around neck)
 F - an amulet of faith
Wands
 v - a wand of acid (7)
 y - a wand of iceblast (8)
 G - a wand of flame (16)
Scrolls
 c - 5 scrolls of teleportation
 f - a scroll of amnesia
 i - a scroll of summoning {unknown}
 l - 2 scrolls of noise {unknown}
 s - 2 scrolls of fear {unknown}
 u - a scroll of enchant armour {unknown}
 B - a scroll of vulnerability {unknown}
 I - a scroll of holy word {unknown}
Potions
 d - a potion of flight
 e - 2 potions of brilliance
 t - 2 potions of cancellation
 z - 2 potions of mutation {unknown}
 H - a potion of lignification {unknown}


   Skills:
 - Level 4.0 Fighting
 + Level 5.0 Dodging
 - Level 3.0 Stealth
 * Level 9.1 Spellcasting
 * Level 6.3 Conjurations
 - Level 2.0 Hexes
 * Level 7.5 Fire Magic
 - Level 1.0 Evocations


You had 16 spell levels left.
You knew the following spells:

 Your Spells              Type           Power      Damage    Failure   Level
a - Foxfire               Conj/Fire      100%       2x1d9     1%          1
b - Conjure Flame         Conj/Fire      68%        6-21      1%          3
c - Inner Flame           Hex/Fire       40%        N/A       3%          3
d - Sticky Flame          Conj/Fire      68%        2d8       4%          4

Your spell library contained the following spells:

 Spells                   Type           Power      Damage    Failure   Level
 Animate Skeleton         Necr           16%        N/A       9%          1
 Beastly Appendage        Tmut           16%        N/A       9%          1
 Pain                     Necr           32%        1d5       9%          1
 Sting                    Tmut/Pois      32%        1d4       9%          1
 Corpse Rot               Necr/Air       N/A        N/A       12%         2
 Poisonous Vapours        Pois/Air       16%        N/A       12%         2
 Wereblood                Tmut           8%         N/A       12%         2
 Fireball                 Conj/Fire      34%        3d14      13%         5
 Ozocubu's Armour         Ice            8%         N/A       24%         3
 Spider Form              Tmut/Pois      4%         N/A       24%         3
 Animate Dead             Necr           4%         N/A       63%         4
 Dispel Undead            Necr           8%         3d8       63%         4
 Olgreb's Toxic Radiance  Pois           8%         N/A       63%         4
 Borgnjor's Vile Clutch   Necr/Erth      4%         N/A       92%         5
 Death Channel            Necr           4%         N/A       100%        6


Dungeon Overview and Level Annotations

Branches:
Dungeon (8/15)             Temple (1/1) D:7            Lair (0/6) D:8

Altars:
Ashenzari
Cheibriados
Dithmenos
Elyvilon
Fedhas
Gozag
Hepliaklqana
Kikubaaqudgha
Makhleb
Nemelex Xobeh
Okawaru
Sif Muna
Uskayaw
Vehumet
Wu Jian
Yredelemnul
Zin
The Shining One

Shops:
D:2 [   D:7 [


Innate Abilities, Weirdness & Mutations

You are too large for most types of armour.
You have tough skin. (AC +1)


Message History

As you read the scroll labelled TIDATA EGYC, it crumbles to dust.
You feel strangely unstable.
It was a scroll of teleportation.
The kobold demonologist looks encouraged for a moment.
The hellwing hits you!
* * * LOW HITPOINT WARNING * * *
The hellwing hits you.
* * * LOW HITPOINT WARNING * * *
You feel better.
The kobold demonologist mumbles some strange words.
The hellwing barely misses you. The hellwing hits you.
* * * LOW HITPOINT WARNING * * *
Okay, then.
Casting: Foxfire (safe; 1% risk of failure)
Confirm with . or Enter, or press ? or * to list all spells.
Aiming: Sticky Flame (dangerous; 4% risk of failure)
Press: ? - help, Shift-Dir - straight line, f - hellwing
Aim: a hellwing (summoned, 100% to hit)
You feel a strong surge of power!
The sticky flame hits the hellwing.
The hellwing is lightly wounded.
The hellwing is covered in liquid flames!
The hellwing burns!
The hellwing barely misses you. The hellwing hits you.
* * * LOW HITPOINT WARNING * * *
The shadow imp is engulfed in blazing flames.
You kill the shadow imp!
Casting: Sticky Flame (dangerous; 4% risk of failure)
Confirm with . or Enter, or press ? or * to list all spells.
Okay, then.
You are confused.
You feel invigorated.
Your surroundings suddenly seem different.
A basilisk and a centaur come into view.
The centaur is wielding a +0 flail and carrying a wand of acid (6).
Found a throwing net.
Found a staircase to the Lair.
The basilisk hisses angrily.
The centaur shouts!
You hear a shout!
The centaur unwields a +0 flail.
The centaur wields a +0 shortbow.
The centaur shoots an arrow.
The arrow hits you but does no damage.
The centaur zaps a wand.
The bolt of acid hits you!
* * * LOW HITPOINT WARNING * * *
You are splashed with acid!
You die...

.#. ≈≈#
#( .≈
l########
c...'..
#...#
#@..#
#...#
....#
...###
....#
.....#
.....>#
.......#


You could see a basilisk and a centaur.

Vanquished Creatures
  A centaur warrior (D:8)
  A two-headed ogre (D:8)
  A steam dragon (D:8)
  An acid dragon (D:7)
  6 water moccasins
  A sky beast (D:7)
  4 ogres
  2 ice beasts
  2 necrophages
  2 centaurs
  A kobold brigand (D:7)
  Blork the orc (D:6)
  A bullfrog (D:6)
  5 scorpions
  A wyvern zombie (D:8)
  5 wights
  3 howler monkeys
  8 hounds
  2 centaur skeletons
  4 iguanas
  An orc priest (D:7)
  An iron imp (D:5)
  An orc wizard (D:7)
  Natasha (thrice) (D:2)
  A hound skeleton (D:4)
  6 adders
  A howler monkey skeleton (D:5)
  A white imp (D:7)
  An ufetubus (D:7)
  An adder skeleton (D:5)
  3 worms
  4 dart slugs
  7 orcs
  2 bats
  9 endoplasms
  8 giant cockroaches
  2 goblins (D:3)
  5 hobgoblins
  4 jackals (D:3)
  2 quokkas
  8 ball pythons
  5 frilled lizards
  A goblin skeleton (D:5)
  2 goblin zombies (D:5)
  4 hobgoblin zombies (D:5)
  6 kobolds
  2 kobold skeletons (D:5)
  A kobold zombie (D:5)
  2 orc skeletons (D:5)
  An orc zombie (D:5)
  4 rats
151 creatures vanquished.

Vanquished Creatures (collateral kills)
  3 foxfires
3 creatures vanquished.

Vanquished Creatures (others)
  706 foxfires
  A plant (D:8)
707 creatures vanquished.

Grand Total: 861 creatures vanquished

Notes
Turn   | Place    | Note
-------+----------+-------------------------------------------
     0 | D:1      | wingedge the Ogre Fire Elementalist began the quest for the
                  | Orb.
     0 | D:1      | Reached XP level 1. HP: 16/16 MP: 3/3
   354 | D:1      | Reached skill level 1 in Conjurations
   354 | D:1      | Reached XP level 2. HP: 15/26 MP: 1/5
  1012 | D:1      | Reached XP level 3. HP: 32/32 MP: 4/7
  1535 | D:2      | Learned a level 3 spell: Conjure Flame
  1539 | D:2      | Learned a level 3 spell: Inner Flame
  1546 | D:2      | Noticed Natasha
  1594 | D:2      | Found a faded altar of an unknown god.
  1781 | D:2      | Killed Natasha
  1782 | D:2      | Reached skill level 1 in Fighting
  1782 | D:2      | Reached skill level 3 in Spellcasting
  1782 | D:2      | Reached XP level 4. HP: 34/41 MP: 0/8
  1811 | D:2      | Noticed Natasha
  1818 | D:2      | Killed Natasha
  1899 | D:2      | Found an ornate altar of the Wu Jian Council.
  1963 | D:2      | Found Jaukoory's Antique Armour Shoppe.
  2015 | D:2      | Noticed Natasha
  2046 | D:2      | Killed Natasha
  2986 | D:3      | Reached XP level 5. HP: 48/48 MP: 7/10
  3163 | D:3      | Found an ornate altar of the Wu Jian Council.
  4287 | D:3      | Found a hide-covered altar of Uskayaw.
  4319 | D:4      | Reached skill level 4 in Spellcasting
  4319 | D:4      | Reached XP level 6. HP: 55/55 MP: 7/12
  4638 | D:4      | Reached XP level 7. HP: 62/62 MP: 6/13
  4747 | D:4      | Got Abiepha's Volume of Unholy Snow
  5114 | D:4      | Reached skill level 5 in Spellcasting
  5286 | D:5      | Entered Level 5 of the Dungeon
  5485 | D:5      | Reached skill level 6 in Spellcasting
  5485 | D:5      | Reached skill level 5 in Fire Magic
  5485 | D:5      | Reached XP level 8. HP: 37/70 MP: 4/17
  5900 | D:5      | HP: 3/70 [centaur/arrow (3)]
  6332 | D:5      | Found a glowing golden altar of the Shining One.
  7374 | D:6      | Found the +4 skin of Zhor {*Englaciate rC+++ SInv}
  7397 | D:6      | Reached skill level 7 in Spellcasting
  7432 | D:6      | Reached XP level 9. HP: 69/81 MP: 0/19
  7567 | D:6      | Found a sparkling altar of Nemelex Xobeh.
  7605 | D:6      | Found a white marble altar of Elyvilon.
  8074 | D:6      | Noticed Blork the orc
  8082 | D:6      | Killed Blork the orc
  8518 | D:7      | Found Xieshu's Antique Armour Shoppe.
  8733 | D:7      | Found a staircase to the Ecumenical Temple.
  8740 | Temple   | Entered the Ecumenical Temple
  8949 | Temple   | Became a worshipper of Sif Muna the Loreminder
  9042 | D:7      | Learned a level 4 spell: Sticky Flame
  9061 | D:7      | Found a basalt altar of Yredelemnul.
  9620 | D:7      | Reached skill level 5 in Conjurations
  9698 | D:7      | Reached skill level 1 in Hexes
  9705 | D:7      | Reached skill level 8 in Spellcasting
  9705 | D:7      | Reached skill level 1 in Evocations
 10439 | D:8      | Reached XP level 10. HP: 92/92 MP: 15/22
 10448 | D:8      | Noticed a centaur warrior
 10460 | D:8      | Killed a centaur warrior
 10645 | D:8      | Noticed a two-headed ogre
 10648 | D:8      | Noticed a kobold demonologist
 10661 | D:8      | Killed a two-headed ogre
 10662 | D:8      | Reached skill level 5 in Dodging
 10662 | D:8      | Reached skill level 9 in Spellcasting
 10791 | D:8      | Found a staircase to the Lair.
 10792 | D:8      | Splashed by a centaur's acid

Illustrated notes

Levels and vault maps discovered:
D:1:      dpeg_arrival_tiny_d, layout_loops_corners
D:2:      minmay_evil_eye, layout_loops_corners, basic_altar,
          shapermc_ecumenical_altar_ellora, serial_shops, shop, uniq_natasha
D:3:      layout_basic, old_standard_altar, nicolae_overflow_hidden_temple,
          minmay_misc_feat_pillars, minmay_misc_feat_nine_boxes, st_stairs_4,
          dk_noncrumbling_4, fountainhead, hex_intersection,
          minmay_misc_feat_roman, minmay_starry_boxes
D:4:      layout_cave_pools
D:5:      layout_loops_ring, nicolae_tso_besieged_by_evil, st_stairs_3
D:6:      layout_cave_pods, nemelex_dance_club_becter,
          nicolae_elyvilon_peaceful_grove, uniq_blork_the_orc
D:7:      minmay_chambers_of_fours, layout_loops_corners,
          yredelemnul_altar_generic, minmay_temple_entry_wispy, serial_shops,
          shop
D:8:      minmay_the_grid_four_pointed_star
          [minmay_the_grid_triangle_9x9_stretched_checkered,
          minmay_the_grid_triangle_9x9_zippers_horizontal,
          minmay_the_grid_triangle_9x9_shrine,
          minmay_the_grid_triangle_9x9_steps,
          minmay_the_grid_prize_inner_circle], layout_basic, tgw_xom,
          nicolae_overflow_crystal_walls, serial_shops, nicolae_square_shop,
          hangedman_feature_mirror, uniq_erica
Temple:   minmay_temple_bridge_abc

Skill      XL: |  1  2  3  4  5  6  7  8  9 10 |
---------------+-------------------------------+-----
Conjurations   | 1 2 3 4 5 6 |  6.3
Fire Magic     | 3 4 5 6 7 |  7.5
Fighting       | 1 3 4 |  4.0
Dodging        | 2 3 4 5 |  5.0
Spellcasting   | 3 4 6 7 8 9 |  9.1
Stealth        | 2 3 |  3.0
Hexes          | 1 2 |  2.0
Evocations     | 1 |  1.0

Action                   |  1- 3 |  4- 6 |  7- 9 | 10-12 || total
-------------------------+-------+-------+-------+-------++-------
Melee: Unarmed           |    17 |       |       |       ||    17
       Dagger            |    24 |    33 |    31 |       ||    88
       Staff             |       |       |     6 |     4 ||    10
 Cast: Foxfire           |    39 |   102 |   271 |    28 ||   440
       Conjure Flame     |     1 |     7 |    13 |     2 ||    23
       Sticky Flame      |       |       |    10 |     5 ||    15
  Use: Potion            |       |     2 |     2 |     9 ||    13
       Scroll            |       |       |     8 |     1 ||     9
 Stab: Sleeping          |     3 |     1 |       |       ||     4
Armor: Robe              |    19 |    22 |    19 |       ||    60
       Animal skin       |       |       |     5 |     7 ||    12
Dodge: Dodged            |    27 |    40 |   101 |    13 ||   181
